 Dungeon Crawl Stone Soup version 0.28.0-43-g3370ac3207 (webtiles) character file.

Game seed: 5500703815362546804

620 boopmooplesden the Chopper (level 7, -7/61 HPs)
             Began as a Minotaur Fighter on Mar 28, 2022.
             Killed by an exploding goblin (17 damage)
             ... ignited by their inner flame
             ... on level 4 of the Dungeon.
             The game lasted 00:04:14 (3807 turns).

boopmooplesden the Chopper (Minotaur Fighter)       Turns: 3807, Time: 00:04:15

Health: -7/61      AC:  8    Str: 21    XL:     7   Next: 22%
Magic:  6/6        EV: 10    Int:  5    God:
Gold:   211        SH:  5    Dex: 11    Spells: 6/6 levels left

rFire   . . .      SeeInvis .   a - +0 war axe (vamp)
rCold   . . .      Faith    .   c - +0 buckler
rNeg    . . .      Spirit   .   b - +0 scale mail
rPois   .          Reflect  .   (helmet restricted)
rElec   .          Harm     .   x - +0 cloak
rCorr   .          Rampage  .   (no gloves)
Will    .....                   (no boots)
Stlth   ..........              (no amulet)
HPRegen 0.20/turn               (no ring)
MPRegen 0.10/turn               (no ring)

@: no status effects
A: horns 2, retaliatory headbutt
a: no special abilities


You were on level 4 of the Dungeon.
You visited 1 branch of the dungeon, and saw 4 of its levels.
You also visited: Sewer.

You collected 211 gold pieces.

Inventory:

Hand Weapons
 a - a +0 vampiric war axe (weapon)
Armour
 b - a +0 scale mail (worn)
 c - a +0 buckler (worn)
 x - a +0 cloak (worn)
Jewellery
 k - a ring of ice
Wands
 y - a wand of iceblast (7)
Scrolls
 o - a scroll of brand weapon
 r - a scroll of blinking
 s - a scroll of fog
Potions
 d - a potion of might
 e - a potion of berserk rage
 g - 2 potions of haste
 h - 2 potions of ambrosia
 j - a potion of heal wounds {unknown}
 l - a potion of mutation {unknown}
 n - a potion of invisibility {unknown}
 t - a potion of attraction {unknown}
 u - a potion of curing {unknown}
 w - a potion of magic {unknown}
 z - a potion of resistance {unknown}


   Skills:
 + Level 5.3 Fighting
 + Level 6.3 Axes
 + Level 5.8 Armour
 + Level 1.9 Dodging
 + Level 0.1 Stealth
 + Level 4.7 Shields


You had 6 spell levels left.
You didn't know any spells.
Your spell library contained the following spells:

 Spells                   Type           Power      Damage    Failure   Level
 Summon Forest            Summ/Tloc      0%         N/A       100%        5
 Summon Mana Viper        Hex/Summ       0%         N/A       100%        5
 Summon Cactus Giant      Summ           0%         N/A       100%        6


Dungeon Overview and Level Annotations

Branches:
Dungeon (4/15)              Sewer (visited)
 Temple: D:4-7

Altars:
Qazlal


Innate Abilities, Weirdness & Mutations

You have a pair of horns on your head.
You reflexively headbutt those who attack you in melee.


Message History

h - 2 potions of ambrosia
As you read the scroll labelled ERITUM EHUUCS, it crumbles to dust.
You assume a fearsome visage.
Nothing appears to happen.
It was a scroll of fear.
As you read the scroll labelled WEADIJE GUISTRA, it crumbles to dust.
It is a scroll of brand weapon.
Your +0 war axe thirsts for the lives of mortals!
a - a +0 vampiric war axe (weapon)
As you read the scroll labelled VUTUIDW KUTU, it crumbles to dust.
Wisps of shadow whirl around you...
It was a scroll of summoning.
As you read the scroll labelled WOCZOGHOYNEC, it crumbles to dust.
The creatures around you are filled with an inner flame!
It was a scroll of immolation.
As you read the scroll labelled JUYWYBL HYMP, it crumbles to dust.
The scroll dissolves into smoke.
It was a scroll of fog.
As you read the scroll labelled KEURIU EPRUSM, it crumbles to dust.
Your body is wracked with pain!
Your goblin convulses!
Flame seeps out of your goblin.
Your endoplasm convulses!
Flame seeps out of your endoplasm.
Your endoplasm convulses!
Flame seeps out of your endoplasm.
It was a scroll of torment.
Your endoplasm is engulfed in blazing flames.
Your endoplasm dissolves into shadows!
Your endoplasm explodes!
The fiery explosion engulfs your goblin!
Your goblin's corpse dissolves into shadows!
The fiery explosion engulfs your endoplasm!
Your endoplasm dissolves into shadows!
Your endoplasm explodes!
The fiery explosion engulfs your hound skeleton!!
Flame seeps out of your hound skeleton.
Your hound skeleton is almost destroyed.
The fiery explosion engulfs you!!
* * * LOW HITPOINT WARNING * * *
Your hound skeleton dissolves into shadows!
Your goblin explodes!
The fiery explosion engulfs you!
You die...

###......# ####...#
### #.####.## #.(
#...##..## ######.#
#...###..## ##......#
##..###...###..##....
##.§§§....##..###.###
#§§§§##...>..####.#
#§○§@####....##...#
#§§§§§###......>#####
#.§§#§##....##.......
#.........#..#...#...
#...#...####>.##.....
#...#..## ##..##....
#...##.# ##.##....
#...##.# #.....[.
######## #####...


There were no monsters in sight!

Vanquished Creatures
  A black bear (D:3)
  2 bullfrogs (Sewer)
  A bullfrog zombie (D:4)
  An orc priest (D:4)
  A hound (D:4)
  Crazy Yiuf (D:3)
  A centaur skeleton (D:4)
  Natasha (D:2)
  An orc wizard (D:4)
  Robin (D:2)
  7 adders
  A river rat (D:3)
  3 worms (D:2)
  A dart slug (D:2)
  3 orcs
  7 endoplasms
  9 giant cockroaches
  18 goblins
  11 hobgoblins
  4 jackals (D:2)
  11 kobolds
  3 quokkas
  7 ball pythons
  5 bats
  12 frilled lizards
  6 rats
119 creatures vanquished.

Vanquished Creatures (others)
  2 fungi (D:3)
2 creatures vanquished.

Grand Total: 121 creatures vanquished

Notes
Turn   | Place    | Note
-------+----------+-------------------------------------------
     0 | D:1      | boopmooplesden the Minotaur Fighter began the quest for the
                  | Orb.
     0 | D:1      | Reached XP level 1. HP: 19/19 MP: 0/0
   240 | D:1      | Reached XP level 2. HP: 24/27 MP: 1/1
   877 | D:1      | Found a faded altar of an unknown god.
  1319 | D:2      | Reached skill level 3 in Axes
  1327 | D:2      | Reached XP level 3. HP: 23/33 MP: 2/2
  1472 | D:2      | Noticed Robin
  1487 | D:2      | Killed Robin
  1488 | D:2      | Reached XP level 4. HP: 33/40 MP: 3/3
  1866 | D:2      | Noticed Natasha
  1870 | D:2      | Killed Natasha
  1871 | D:2      | Reached skill level 4 in Axes
  1871 | D:2      | Reached skill level 1 in Dodging
  2127 | D:3      | Reached XP level 5. HP: 41/46 MP: 4/4
  2143 | D:3      | Found a glowing drain.
  2148 | Sewer    | Entered a sewer
  2460 | Sewer    | Reached skill level 5 in Axes
  2460 | Sewer    | Reached skill level 5 in Armour
  2460 | Sewer    | Reached XP level 6. HP: 9/55 MP: 5/5
  2920 | D:3      | Found a stormy altar of Qazlal.
  3145 | D:3      | Reached skill level 5 in Fighting
  3206 | D:3      | Found a runed translucent door.
  3207 | D:3      | Noticed Crazy Yiuf
  3212 | D:3      | Killed Crazy Yiuf
  3428 | D:4      | Reached skill level 6 in Axes
  3428 | D:4      | Reached XP level 7. HP: 46/61 MP: 6/6
  3807 | D:4      | Killed by an exploding goblin... ignited by their inner
                  | flame

Illustrated notes

Levels and vault maps discovered:
D:1:      elethiomel_arrival_maze, layout_basic, serial_forest,
          infiniplex_forest_lined_2, infiniplex_forest_straight_3,
          infiniplex_forest_corner_1, infiniplex_forest_lined_corner,
          infiniplex_forest_3_way, ebering_ecumenical_altar_petrified
D:2:      layout_loops_ring, minmay_misc_feat_nine_boxes, st_stairs_4,
          uniq_natasha, uniq_robin
D:3:      minmay_spotlight, layout_rooms, amcnicky_altar_gilded,
          gup_sewer_entry_bowl, hangedman_feature_mirror,
          uniq_crazy_yiuf_cottage
D:4:      layout_rooms, amcnicky_mini_pool_small

Skill      XL: |  1  2  3  4  5  6 |
---------------+-------------------+-----
Shields        | 4 |  4.7
Armour         | 4 5 |  5.8
Axes           | 3 4 5 6 |  6.3
Fighting       | 4 5 |  5.3
Dodging        | 1 |  1.9
Stealth        | |  0.1

Action                   |  1- 3 |  4- 6 |  7- 9 || total
-------------------------+-------+-------+-------++-------
Melee: War axe           |    70 |   144 |    21 ||   235
       Headbutt          |    11 |    16 |     5 ||    32
  Use: Potion            |       |     1 |       ||     1
       Scroll            |       |       |    10 ||    10
Armor: Scale mail        |    35 |    62 |     6 ||   103
Dodge: Dodged            |    39 |    98 |    14 ||   151
Block: Buckler           |    15 |    47 |    12 ||    74
